Match 25267256
Unlisted

Match 25267256
End
Panzergrenadier Squad
Selects Battlefield Espionage Battlegroup
Selects Sector Subterfuge Beacon
Panzergrenadier Squad
Construct Light Support Kompanie
Panzerjäger Squad
Panzerjäger Squad
Panzerjäger Squad
Selects Transfer Depots
Construct Mechanized Kompanie
Construct Panzerarmee Kommand
Selects 250/3 Funkpanzerwagen
Selects Anti-Tank Incendiary Munitions
Panzerjäger Mechanized Group
Veteran Squad Leaders
Panzer III L Medium Tank
Selects Firestorm
Firestorm
Marder III Tank Destroyer
2.5-tonne Medical Truck
Advanced Optics
Armored Reserves
Flak 36 Anti-tank Gun Team
Advanced Field Repairs
云茹
wilkom
K21
慵懒的猫
SoulsandBlood
L. Vorenus
rafyouni
TidaL
0
0

Comments sign in to comment!

No comments posted yet!